 Dungeon Crawl Stone Soup version 0.18.1-5-g4a78601 (webtiles) character file.

142 tyrsky the Digger (level 5, -4/28 HPs)
             Began as a Gargoyle Earth Elementalist on May 14, 2016.
             Was an Initiate of Vehumet.
             Killed from afar by a giant gecko (23 damage)
             ... with an exploding inner flame
             ... hexed by the player character
             ... in a sewer.
             The game lasted 00:08:10 (2160 turns).

tyrsky the Digger (Gargoyle Earth Elementalist)     Turns: 2160, Time: 00:08:10

Health: -4/28      AC:  7    Str: 11    XL:     5   Next: 25%
Magic:  5/10       EV: 12    Int: 17    God:    Vehumet [......]
Gold:   60         SH:  0    Dex: 10    Spells: 2 memorised, 7 levels left

rFire  . . .     SeeInvis .     o - -1 hand axe
rCold  . . .     Gourm    .     a - +0 robe
rNeg   + . .     Faith    .     (no shield)
rPois  ∞         Spirit   .     (no helmet)
rElec  +         Dismiss  .     (no cloak)
rCorr  .         Reflect  .     l - +0 pair of gloves
SustAt .         Harm     .     (no boots)
MR     .....                    (no amulet)
Stlth  ++........               (no ring)
                                (no ring)

@: not resistant to hostile enchantments, unstealthy
A: negative energy resistance 1, electricity resistance, unbreathing,
petrification resistance, rot immunity, AC +4
a: Renounce Religion


You were in a sewer.
You worshipped Vehumet.
Vehumet was noncommittal.
You were near starving.

You visited 1 branch of the dungeon, and saw 4 of its levels.
You also visited: Sewer.

You collected 60 gold pieces.

Inventory:

Hand Weapons
 f - a +0 dagger
 o - a -1 hand axe (weapon)
Missiles
 b - 41 stones (quivered)
Armour
 a - a +0 robe (worn)
 l - a +0 pair of gloves (worn)
Jewellery
 e - an uncursed amulet of magic regeneration {unknown}
 i - a cursed ring of teleportation {unknown}
Scrolls
 g - 2 scrolls of remove curse
 h - 3 scrolls of identify {@*1}
 n - a scroll of teleportation {unknown}
Potions
 k - a potion of flight
Books
 c - a book of Geomancy

   Spells                             Type                      Level
   a - Sandblast                      Earth                        1
   b - Passwall                       Transmutation/Earth          2
   c - Stone Arrow                    Conjuration/Earth            3
   d - Petrify                        Transmutation/Earth          4
   e - Lee's Rapid Deconstruction     Earth                        5
Comestibles
 d - 2 bread rations


   Skills:
 - Level 1.5 Dodging
 - Level 2.1 Stealth
 * Level 3.8 Spellcasting
 + Level 1.4 Conjurations
   Level 0.7 Transmutations
 + Level 5.0 Earth Magic


You had 7 spell levels left.
You knew the following spells:

 Your Spells              Type           Power        Failure   Level  Hunger
a - Sandblast             Erth           ###...       1%          1    None
b - Stone Arrow           Conj/Erth      ##....       14%         3    ###....


Dungeon Overview and Level Annotations

Branches:
Dungeon (4/15)
 Temple: D:4-7

Altars:
Vehumet

Annotations:
D:4 Dowan, Duvessa, Grinder


Innate Abilities, Weirdness & Mutations

You are resistant to torment.
Your stone body is resilient (AC +4).
You are immune to poison.
You resist negative energy.
You are resistant to electric shocks.
You can survive without breathing.
You are immune to petrification.
You are immune to rotting.


Message History

It was a potion of curing.
You feel better. The bat misses you. The bat hits you but does no damage.
The giant gecko bites you but does no damage.
The giant newt closely misses you.
Drink which item? (? for menu, Esc to quit)
You feel better. The bat hits you but does no damage.
The bat barely misses you. The giant newt closely misses you.
The giant gecko barely misses you. x2
Casting: Sandblast
Confirm with . or Enter, or press ? or * to list all spells.
Aiming: Sandblast
Press: ? - help, Shift-Dir - straight line, f - bat, p - giant gecko
Aim: a bat (inner flame)
The blast of sand hits the bat.
The bat explodes!
The fiery explosion engulfs the giant gecko.
The giant gecko explodes!
The fiery explosion engulfs you!
Ouch! That really hurt!
You die...

#####
#§9§##
##l§l.##
#∩§b§..#
#......#
##.∩...#
#....##
##..##
#..#
#...


You could see a giant gecko (inner flame), a bat (inner flame) and a giant newt
(inner flame).

Vanquished Creatures
  Natasha (D:3)
  Terence (D:3)
  3 adders
  3 worms
  2 giant geckos
  4 orcs (D:3)
  2 ball pythons
  7 giant cockroaches
  5 hobgoblins
  A jackal (D:2)
  A quokka (D:2)
  3 bats
  3 giant newts
  7 goblins
  4 kobolds
  A rat (D:1)
48 creatures vanquished.

Notes
Turn   | Place    | Note
--------------------------------------------------------------
     0 | D:1      | tyrsky the Gargoyle Earth Elementalist began the quest for the Orb.
     0 | D:1      | Reached XP level 1. HP: 10/10 MP: 3/3
   314 | D:1      | Reached skill level 4 in Earth Magic
   314 | D:1      | Reached XP level 2. HP: 15/15 MP: 3/5
   712 | D:2      | Reached XP level 3. HP: 13/19 MP: 2/7
  1033 | D:2      | Learned a level 3 spell: Stone Arrow
  1262 | D:3      | Reached XP level 4. HP: 24/24 MP: 3/8
  1484 | D:3      | Noticed Terence
  1598 | D:3      | Killed Terence
  1598 | D:3      | Reached skill level 1 in Conjurations
  1965 | D:2      | Found a radiant altar of Vehumet.
  1973 | D:2      | Became a worshipper of Vehumet
  2062 | D:3      | Noticed Natasha
  2088 | D:3      | Killed Natasha
  2088 | D:3      | Reached skill level 5 in Earth Magic
  2088 | D:3      | Reached XP level 5. HP: 21/28 MP: 3/10
  2112 | D:4      | Found a glowing drain.
  2121 | D:4      | Noticed Duvessa
  2129 | D:4      | Noticed Grinder
  2130 | D:4      | Paralysed by Grinder for 6 turns
  2141 | D:4      | Noticed Dowan
  2149 | Sewer    | Entered a sewer
  2160 | Sewer    | Killed from afar by a giant gecko

Skill      XL: |  1  2  3  4 |
---------------+-------------+-----
Earth Magic    | 4 5 |  5.0
Spellcasting   | 3 |  3.8
Conjurations   | 1 |  1.4
Dodging        | |  1.5
Stealth        | |  2.1
Transmutations | |  0.7

Action                   |  1- 3 |  4- 6 || total
-------------------------+-------+-------++-------
Melee: Unarmed           |    12 |       ||    12
       Dagger            |    75 |    59 ||   134
       Hand axe          |       |     2 ||     2
 Cast: Sandblast         |    75 |    68 ||   143
  Use: Scroll            |       |     3 ||     3
       Potion            |       |     2 ||     2
  Eat: Chunk             |     2 |     1 ||     3
Armor: Robe              |    54 |    72 ||   126
Dodge: Dodged            |    81 |    81 ||   162
